 Dungeon Crawl Stone Soup version 0.21.1-1-g345015f (webtiles) character file.

4162 sking99 the Grappler (level 10, -3/94 HPs)
             Began as a Troll Monk on June 21, 2018.
             Was a Believer of Wu Jian.
             Slain by a warg (16 damage)
             ... on level 8 of the Dungeon.
             The game lasted 00:27:12 (6410 turns).

sking99 the Grappler (Troll Monk)                   Turns: 6410, Time: 00:27:13

Health: -3/94      AC:  6    Str: 22    XL:     10   Next: 7%
Magic:  10/10      EV: 13    Int:  6    God:    Wu Jian [**....]
Gold:   270        SH:  0    Dex: 14    Spells: 9/9 levels left

rFire    . . .     SeeInvis .     - Unarmed
rCold    . . .     Gourm    +   (no shield)
rNeg     . . .     Faith    .   a - +0 robe
rPois    .         Spirit   .   (helmet restricted)
rElec    .         Reflect  .   s - +0 cloak
rCorr    .         Harm     .   (gloves unavailable)
MR       .....                  (boots unavailable)
Stlth    ++........             (no amulet)
HPRegen  0.65/turn              (no ring)
MPRegen  0.12/turn              (no ring)

@: no status effects
A: large, unfitting armour, claws 3, fast metabolism 3, gourmand, regeneration
1, shaggy fur 1, tough skin 2
a: Wall Jump, Renounce Religion


You were on level 8 of the Dungeon.
You worshipped Wu Jian.
Wu Jian was pleased with you.
You were completely stuffed.

You visited 2 branches of the dungeon, and saw 9 of its levels.

You collected 270 gold pieces.

Inventory:

Armour
 a - a +0 robe (worn)
 s - a +0 cloak (worn)
Jewellery
 c - a +2 ring of dexterity {unknown}
 u - an uncursed ring of flight {unknown}
Wands
 l - a wand of polymorph (14)
 p - a wand of iceblast (7)
 y - a wand of enslavement (15)
 z - a wand of scattershot (5)
 E - a wand of clouds (5)
Scrolls
 d - 3 scrolls of enchant weapon
 g - 9 scrolls of identify
 o - a scroll of immolation {unknown}
 q - a scroll of amnesia {unknown}
 r - 4 scrolls of magic mapping
 t - 3 scrolls of teleportation {unknown}
 x - a scroll of noise {unknown}
 B - 2 scrolls of remove curse
 D - a scroll of holy word {unknown}
 G - a scroll of fog {unknown}
Potions
 e - 2 potions of resistance {unknown}
 f - 2 potions of haste
 h - 2 potions of lignification {unknown}
 i - a potion of flight {unknown}
 j - a potion of agility {unknown}
 k - 2 potions of curing {unknown}
 m - 3 potions of heal wounds {unknown}
 n - a potion of invisibility {unknown}
 v - a potion of brilliance {unknown}
 w - a potion of ambrosia {unknown}
 C - a potion of cancellation {unknown}
Books
 A - a book of Minor Magic

   Spells                             Type                      Level
   a - Magic Dart                     Conjuration                  1
   b - Blink                          Translocation                2
   c - Call Imp                       Summoning                    2
   d - Slow                           Hexes                        2
   e - Conjure Flame                  Conjuration/Fire             3
   f - Mephitic Cloud                 Conjuration/Poison/Air       3
Comestibles
 b - 16 rations
 F - 8 chunks of flesh


   Skills:
 + Level 4.8 Fighting
 + Level 1.3 Armour
 + Level 5.7 Dodging
 - Level 1.0 Stealth
 * Level 11.7 Unarmed Combat
 + Level 2.5 Evocations


You had 9 spell levels left.
You didn't know any spells.

Dungeon Overview and Level Annotations

Branches:
Dungeon (8/15)             Temple (1/1) D:6
   Lair: D:8-11

Altars:
Ashenzari
Cheibriados
Dithmenos
Elyvilon
Fedhas
Gozag
Hepliaklqana
Kikubaaqudgha
Makhleb
Nemelex Xobeh
Okawaru
Qazlal
Ru
Sif Muna
Trog
Uskayaw
Vehumet
Wu Jian
Xom
Yredelemnul
Zin
The Shining One

Annotations:
D:3 Nicoed's ghost, novice HOFi
D:4 Sigmund


Innate Abilities, Weirdness & Mutations

You are too large for most types of armour.
You have claws for hands.
Your metabolism is lightning-fast.
You like to eat raw meat.
Your natural rate of healing is unusually fast.
You are covered in fur. (AC +1)
You have very tough skin. (AC +2)


Message History

The warg is lightly wounded.
The warg bites you!
The warg pauses to sniff the ground.
The warg bites you!
You closely miss the warg.
The warg is lightly wounded.
The crimson imp blinks!
The warg bites you!
* * * LOW HITPOINT WARNING * * *
You closely miss the warg. You claw the warg!!
The warg is almost dead.
The warg misses you.
You repeatedly attack the warg from above.
You closely miss the warg. You claw the warg.
The warg is almost dead.
You barely miss the warg.
The warg is almost dead.
The warg bites you!
* * * LOW HITPOINT WARNING * * *
The warg bites you!
You die...

.....# .# #......#
o...!.# .# ###.####
ho..o..##.##### #.#
......h..%....#
####.##
#....###.####.....####
#....................+
#...####.####.#...####
#...####.# #.##.##
#...)ยง@h.# #.####
###5###### #># #.....#
#.# #......# #.#
#.....## #.# ##.#.##
#.### #. ..


You could see a warg and a crimson imp.

Vanquished Creatures
  3 hippogriffs
  A spriggan (D:7)
  Menkaure (D:4)
  2 wargs (D:8)
  An ice beast (D:5)
  2 orc warriors (D:7)
  A sky beast (D:7)
  3 ogres
  A phantom (D:8)
  A necrophage (D:7)
  2 centaurs
  A gnoll sergeant (D:6)
  3 bullfrogs
  3 scorpions
  4 wights (D:7)
  2 howler monkeys (D:4)
  4 crimson imps
  7 hounds
  8 orc priests
  2 jellies
  A bullfrog skeleton (D:6)
  2 iguanas
  Jessica (D:3)
  Ijyb (D:4)
  Terence (D:3)
  6 orc wizards
  8 worker ants
  A hound skeleton (D:8)
  11 gnolls
  12 adders
  A shadow imp (D:7)
  3 oozes
  2 adder skeletons
  3 worms
  2 dart slugs (D:1)
  9 leopard geckos
  24 orcs
  6 bats
  10 giant cockroaches
  4 goblins
  6 hobgoblins
  12 jackals
  A quokka (D:4)
  A ball python (D:7)
  5 frilled lizards
  6 kobolds
  A leopard gecko skeleton (D:5)
  8 rats
200 creatures vanquished.

Notes
Turn   | Place    | Note
-------+----------+-------------------------------------------
     0 | D:1      | sking99 the Troll Monk began the quest for the Orb.
     0 | D:1      | Reached XP level 1. HP: 22/22 MP: 0/0
    78 | D:1      | Reached XP level 2. HP: 22/29 MP: 1/1
   474 | D:1      | Reached XP level 3. HP: 36/36 MP: 2/2
   795 | D:2      | Reached skill level 4 in Unarmed Combat
  1011 | D:2      | Reached XP level 4. HP: 40/44 MP: 3/3
  1436 | D:3      | Noticed Nicoed's ghost (novice HOFi)
  1439 | D:3      | Noticed Jessica
  1448 | D:3      | Killed Jessica
  1583 | D:3      | Found a radiant altar of Vehumet.
  1607 | D:3      | Reached XP level 5. HP: 52/52 MP: 4/4
  1665 | D:3      | Reached skill level 5 in Unarmed Combat
  1683 | D:3      | Noticed Terence
  1695 | D:3      | Killed Terence
  1707 | D:3      | Found a basalt altar of Yredelemnul.
  2355 | D:4      | Noticed a hippogriff
  2441 | D:4      | Reached skill level 6 in Unarmed Combat
  2441 | D:4      | Reached XP level 6. HP: 24/59 MP: 5/5
  2538 | D:4      | Noticed Sigmund
  2708 | D:4      | Noticed Menkaure
  2713 | D:4      | Killed Menkaure
  2803 | D:4      | Killed a hippogriff
  2803 | D:4      | Reached skill level 7 in Unarmed Combat
  2803 | D:4      | Reached XP level 7. HP: 28/67 MP: 6/6
  2943 | D:4      | Noticed Ijyb
  2954 | D:4      | Killed Ijyb
  2954 | D:4      | Reached skill level 8 in Unarmed Combat
  3034 | D:4      | Found a hazy altar of Hepliaklqana.
  3034 | D:4      | Found a glowing silver altar of Zin.
  3036 | D:4      | Found a white marble altar of Elyvilon.
  3036 | D:4      | Found a sparkling altar of Nemelex Xobeh.
  3038 | D:4      | Found a shimmering altar of Xom.
  3038 | D:4      | Found a hide-covered altar of Uskayaw.
  3039 | D:4      | Found a snail-covered altar of Cheibriados.
  3064 | D:4      | Became a worshipper of Elyvilon the Healer
  3064 | D:4      | Reached * piety under Elyvilon
  3064 | D:4      | Reached ** piety under Elyvilon
  3192 | D:5      | Entered Level 5 of the Dungeon
  3240 | D:5      | Reached XP level 8. HP: 58/75 MP: 7/7
  3446 | D:5      | Reached skill level 9 in Unarmed Combat
  3905 | D:6      | Found a staircase to the Ecumenical Temple.
  3911 | Temple   | Entered the Ecumenical Temple
  4076 | Temple   | Reached *** piety under Elyvilon
  4275 | Temple   | Fell from the grace of Elyvilon
  4275 | Temple   | Became a worshipper of the Wu Jian Council
  4445 | D:6      | Reached skill level 10 in Unarmed Combat
  4701 | D:6      | Reached XP level 9. HP: 82/83 MP: 8/8
  4702 | D:6      | Reached * piety under Wu Jian
  5056 | D:7      | Reached skill level 11 in Unarmed Combat
  5223 | D:6      | Reached skill level 5 in Dodging
  5223 | D:6      | Reached skill level 1 in Evocations
  5769 | D:7      | Found a shattered altar of Ashenzari.
  6116 | D:8      | Reached ** piety under Wu Jian
  6300 | D:8      | Reached skill level 1 in Armour
  6388 | D:8      | Reached XP level 10. HP: 76/94 MP: 10/10
  6410 | D:8      | Slain by a warg

Skill      XL: |  1  2  3  4  5  6  7  8  9 |
---------------+----------------------------+-----
Unarmed Combat | 4 6 7 8 10 11 | 11.7
Dodging        | 3 4 5 |  5.7
Fighting       | 3 4 |  4.8
Evocations     | 2 |  2.5
Armour         | 1 |  1.3
Stealth        | |  1.0

Action                   |  1- 3 |  4- 6 |  7- 9 | 10-12 || total
-------------------------+-------+-------+-------+-------++-------
Melee: Unarmed           |    90 |   164 |   340 |    21 ||   615
       Punch             |     1 |     1 |    19 |     5 ||    26
Invok: Lunge             |       |       |    30 |       ||    30
       Whirlwind         |       |       |    13 |       ||    13
       Wall Jump         |       |       |     1 |     1 ||     2
  Use: Scroll            |       |     3 |     2 |       ||     5
 Stab: Sleeping          |     1 |       |     5 |       ||     6
  Eat: Chunk             |    15 |    15 |    34 |       ||    64
Armor: Robe              |    41 |    40 |    78 |     2 ||   161
Dodge: Dodged            |    62 |    98 |   133 |     6 ||   299
